 Dungeon Crawl Stone Soup version 0.25.0-37-gb73750e (webtiles) character file.

Game seed: 14022882354465491840

19 robertstho the Magician (level 2, -1/15 HPs)
             Began as a Deep Elf Air Elementalist on July 9, 2020.
             Slain by Natasha (10 damage)
             ... on level 2 of the Dungeon.
             The game lasted 00:01:59 (1739 turns).

robertstho the Magician (Deep Elf Air Elementalist) Turns: 1739, Time: 00:02:00

Health: -1/15      AC:  2    Str:  5    XL:     2   Next: 55%
Magic:  5/8        EV: 13    Int: 19    God:
Gold:   66         SH:  0    Dex: 15    Spells: 7/8 levels left

rFire    . . .     SeeInvis .   f - +3 mace
rCold    . . .     Gourm    .   (no shield)
rNeg     . . .     Faith    .   a - +0 robe
rPois    .         Spirit   .   (no helmet)
rElec    .         Reflect  .   m - scarf {+Inv}
rCorr    .         Harm     .   (no gloves)
MR       .....                  (no boots)
Stlth    ++........             (no amulet)
HPRegen  0.05/turn              (no ring)
MPRegen  0.11/turn              (no ring)

@: no status effects
A: no striking features
a: Evoke Invisibility


You were on level 2 of the Dungeon.
You were not hungry.

You visited 1 branch of the dungeon, and saw 2 of its levels.

You collected 66 gold pieces.

Inventory:

Hand Weapons
 f - a +3 mace (weapon)
Armour
 a - a +0 robe (worn)
 k - a scarf of resistance
 m - a scarf of invisibility (worn)
Jewellery
 e - an uncursed amulet of reflection {unknown}
Scrolls
 b - 2 scrolls of noise {unknown}
 j - 2 scrolls of remove curse {unknown}
 n - a scroll of magic mapping {unknown}
 o - 3 scrolls of teleportation {unknown}
 p - a scroll of blinking {unknown}
 q - a scroll of immolation {unknown}
 r - a scroll of fear {unknown}
Potions
 d - a potion of brilliance {unknown}
 g - a potion of invisibility {unknown}
 h - 2 potions of ambrosia {unknown}
 i - a potion of degeneration {unknown}
 l - a potion of stabbing {unknown}
 t - a potion of haste {unknown}
 u - a potion of curing {unknown}
Comestibles
 c - 4 rations


   Skills:
 + Level 2.5 Dodging
 + Level 2.4 Stealth
 * Level 3.5 Spellcasting
 * Level 1.4 Conjurations
 * Level 3.4 Air Magic


You had 7 spell levels left.
You knew the following spells:

 Your Spells              Type           Power        Failure   Level  Hunger
a - Shock                 Conj/Air       ##..         5%          1    None

Your spell library contained the following spells:

 Spells                   Type           Power        Failure   Level  Hunger
 Swiftness                Chrm/Air       #.......     11%         2    ##.....
 Static Discharge         Conj/Air       ##......     16%         3    ###....
 Airstrike                Air            ###.......   34%         4    ####...
 Lightning Bolt           Conj/Air       ##........   83%         5    ######.


Dungeon Overview and Level Annotations

Branches:
Dungeon (2/15)

Altars:

Annotations:
D:2 Natasha


Message History

Casting: Shock (safe; 5% risk of failure)
Confirm with . or Enter, or press ? or * to list all spells.
Aiming: Shock (safe; 5% risk of failure)
Press: ? - help, Shift-Dir - straight line The zap hits Natasha.
Natasha is moderately wounded.
The zap hits Natasha.
Natasha is severely wounded.
Natasha claws you. The crimson imp closely misses you.
Casting: Shock (safe; 5% risk of failure)
Confirm with . or Enter, or press ? or * to list all spells.
Aiming: Shock (safe; 5% risk of failure)
Press: ? - help, Shift-Dir - straight line The zap hits Natasha.
Natasha is severely wounded.
The zap hits Natasha.
Natasha is severely wounded.
Natasha claws you!
Ouch! That really hurt!
You die...

.##.# #.#..
.##.# #.#.# #
.##.# #.#<. .
.##.# #.#.#.#
..#.# #.#.#.# #
....#
#####.#.#.#)#.#
.####
#..............
.#
#.###.......#.
.# #.#
###@#...... .#
#.# #.h5.......
.# #.#
#.#.####### .#
#.# #.#.# .#
#.# # #.#
.#########.#
#.#
...........#
#.#
.########..#
#.# ## #..#


You could see Natasha and a crimson imp (summoned).

Vanquished Creatures
  An ooze (D:2)
  A goblin (D:1)
  A hobgoblin (D:1)
  5 kobolds
  2 ball pythons
  2 bats (D:1)
  2 frilled lizards
  5 rats
19 creatures vanquished.

Notes
Turn   | Place    | Note
-------+----------+-------------------------------------------
     0 | D:1      | robertstho the Deep Elf Air Elementalist began the quest
                  | for the Orb.
     0 | D:1      | Reached XP level 1. HP: 10/10 MP: 6/6
   513 | D:1      | Reached XP level 2. HP: 15/15 MP: 5/8
  1736 | D:2      | Noticed Natasha
  1737 | D:2      | Noticed a crimson imp
  1739 | D:2      | Slain by Natasha

Illustrated notes

Levels and vault maps discovered:
D:1:      dpeg_arrival_shrine, layout_basic
D:2:      lemuel_upstairs_altar, layout_basic, uniq_natasha

Action                   || total
-------------------------++-------
 Cast: Shock             ||    34
  Eat: Chunk             ||     2
Dodge: Dodged            ||     3
